 Dungeon Crawl Stone Soup version 0.24-a0-284-g9fb9971 (webtiles) character file.

Game seed: 16675272919910295101

127 mhoghedin the Skirmisher (level 4, 0/38 HPs)
             Began as a Demigod Wizard on May 5, 2019.
             Killed from afar by an orc wizard (3 damage)
             ... with a magic dart
             ... on level 3 of the Dungeon.
             The game lasted 00:07:14 (3356 turns).

mhoghedin the Skirmisher (Demigod Wizard)           Turns: 3356, Time: 00:07:15

Health: 0/38       AC:  3    Str:  9 (10) XL:     4   Next: 56%
Magic:  2/10       EV: 12    Int: 23 (24) God:
Gold:   84         SH:  0    Dex: 12 (14) Spells: 3/8 levels left

rFire    . . .     SeeInvis .   e - +0 dagger
rCold    . . .     Gourm    .   (no shield)
rNeg     . . .     Faith    .   a - +0 robe
rPois    .         Spirit   .   b - +0 hat
rElec    .         Reflect  .   f - +0 cloak
rCorr    .         Harm     .   (no gloves)
MR       .....                  (no boots)
Stlth    ++........             (no amulet)
HPRegen  0.12/turn              (no ring)
MPRegen  0.12/turn              (no ring)

@: very slightly contaminated, slowed, invisible, very slow
A: high mp 1
a: no special abilities


You were on level 3 of the Dungeon.
You were not hungry.

You visited 1 branch of the dungeon, and saw 3 of its levels.

You collected 84 gold pieces.

Inventory:

Hand Weapons
 e - a +0 dagger (weapon)
   (You found it on level 1 of the Dungeon)
Armour
 a - a +0 robe (worn)
 b - a +0 hat (worn)
 f - a +0 cloak (worn)
   (You found it on level 2 of the Dungeon)
Scrolls
 c - 3 scrolls of identify {unknown}
 g - a scroll of remove curse {unknown}
 h - 2 scrolls of enchant weapon {unknown}
 i - a scroll of teleportation {unknown}
Comestibles
 d - 5 rations


   Skills:
 - Level 3.2 Fighting
 + Level 1.5 Short Blades
 - Level 1.7 Dodging
 + Level 2.5 Stealth
 - Level 2.6 Spellcasting
 - Level 0.8 Conjurations
 - Level 0.8 Summonings
 - Level 0.8 Translocations


You had 3 spell levels left.
You knew the following spells:

 Your Spells              Type           Power        Failure   Level  Hunger
a - Magic Dart            Conj           #...         9%          1    None
b - Blink                 Tloc           N/A          13%         2    ##.....
c - Call Imp              Summ           #.......     13%         2    ##.....

Your spell library contained the following spells:

 Spells                   Type           Power        Failure   Level  Hunger
 Slow                     Hex            #.......     19%         2    ##.....
 Conjure Flame            Conj/Fire      #.......     30%         3    ###....
 Mephitic Cloud           Conj/Pois/Air  #.......     32%         3    ###....


Dungeon Overview and Level Annotations

Branches:
Dungeon (3/15)


Innate Abilities, Weirdness & Mutations

You have an increased reservoir of magic. (+10% MP)


Message History

The magic dart hits the orc.
You feel sick.
You are no longer poisoned.
Your crimson imp disappears in a puff of smoke!
The orc wizard barely misses you. The orc hits you but does no damage.
The orc wizard casts a spell.
The orc wizard seems to speed up.
You take 1 damage, and have 29/38 hp.
You now have 4/10 mp.
Aim: an orc, wielding a +0 club (severely wounded)
The magic dart hits the orc.
You kill the orc!
The orc wizard barely misses you.
The orc wizard hits you but does no damage.
Aim: an orc wizard, wielding a +0 dagger and wearing a +0 robe (fast)
The magic dart hits the orc wizard but does no damage.
The orc wizard closely misses you.
The orc wizard hits you but does no damage.
You now have 3/10 mp.
Aim: an orc wizard, wielding a +0 dagger and wearing a +0 robe (fast)
The magic dart hits the orc wizard but does no damage.
The orc wizard hits you but does no damage.
The orc wizard casts a spell at you. The magic dart hits you.
Your crimson imp hits the orc wizard but does no damage.
The orc wizard hits you with a +0 dagger.
You take 7 damage, and have 22/38 hp.
You now have 2/10 mp.
Aim: an orc wizard, wielding a +0 dagger and wearing a +0 robe (fast)
The magic dart hits the orc wizard but does no damage.
The orc wizard closely misses you.
Your crimson imp hits the orc wizard.
The orc wizard hits you but does no damage.
You now have 1/10 mp.
Unknown command.
You closely miss the orc wizard.
The orc wizard gestures at you while chanting.
You feel as though you will be slow longer.
Your crimson imp hits the orc wizard but does no damage.
The orc wizard hits you but does no damage.
Your crimson imp hits the orc wizard.
You closely miss the orc wizard. The orc wizard misses you.
The orc wizard gestures at you while chanting.
The magic dart hits you!
Your crimson imp barely misses the orc wizard.
You take 9 damage, and have 14/38 hp.
MASSIVE DAMAGE!!
You closely miss the orc wizard.
Your crimson imp disappears in a puff of smoke!
The orc wizard points at you and mumbles some strange words.
The magic dart hits you.
* * * LOW HITPOINT WARNING * * *
The orc wizard misses you.
You take 5 damage, and have 9/38 hp.
A beastly little devil appears in a puff of flame.
The orc wizard barely misses you. The orc wizard casts a spell at you.
You feel as though you will be slow longer.
The orc wizard hits you but does no damage.
You now have 0/10 mp.
You hit the orc wizard but do no damage.
The orc wizard barely misses you.
Your crimson imp hits the orc wizard but does no damage.
The orc wizard hits you with a +0 dagger.
* * * LOW HITPOINT WARNING * * *
You take 1 damage, and have 8/38 hp.
You fade into invisibility!
The orc wizard closely misses you.
Your crimson imp barely misses the orc wizard.
The orc wizard barely misses you.
You are very lightly contaminated with residual magic.
Your crimson imp blinks!
The orc wizard misses you.
Your crimson imp blinks!
The orc wizard points at something and mumbles some strange words.
The orc wizard closely misses you.
Your crimson imp blinks!
The orc wizard misses you.
The orc wizard hits you but does no damage.
You hit the orc wizard. The orc wizard barely misses you.
The orc wizard hits you but does no damage.
You hit the orc wizard but do no damage.
The orc wizard hits you but does no damage. x2
You barely miss the orc wizard. The orc wizard closely misses you. x2
You completely miss the orc wizard.
The orc wizard hits you but does no damage.
The orc wizard hits you with a +0 dagger.
* * * LOW HITPOINT WARNING * * *
You take 3 damage, and have 7/38 hp.
You hit the orc wizard but do no damage.
The orc wizard closely misses you. The orc wizard barely misses you.
You barely miss the orc wizard.
The orc wizard hits you with a +0 dagger.
* * * LOW HITPOINT WARNING * * *
The orc wizard barely misses you.
The orc wizard hits you but does no damage.
You take 4 damage, and have 3/38 hp.
The orc wizard barely misses you.
The orc wizard hits you but does no damage.
Your crimson imp closely misses the orc wizard.
Your crimson imp misses the orc wizard.
The orc wizard points at you and mumbles some strange words.
The magic dart hits you.
You die...

...... #..# ......#
#..# .......
#..#####
.......##..#...#
.......†#.)#.#.#
......#†#).#...#
.######.†..###.#####
#....5o.#.......#
###.###.@.##.####.#
#
#.......>.##.####.#
#
#.#.#...#.##.#....#
#
#.#...#.#.##.#.####
# #.###.#.#.##.#.#
####### #.
#.#†#.##)#.# ......#
#. #.#.#.##.#.#
......# #.
#.#.#....#.# .†....+
.. #..........#


You could see an orc wizard and a friendly crimson imp.

Vanquished Creatures
  3 adders
  An ooze (D:1)
  A dart slug (D:1)
  A leopard gecko (D:1)
  8 orcs (D:3)
  3 giant cockroaches
  4 goblins
  6 hobgoblins
  2 jackals (D:1)
  6 kobolds
  9 bats
  3 frilled lizards
  8 rats
55 creatures vanquished.

Vanquished Creatures (collateral kills)
  A bullfrog skeleton (D:2)
  A worm (D:2)
  6 orcs (D:3)
  3 jackals (D:3)
  A frilled lizard (D:3)
12 creatures vanquished.

Grand Total: 67 creatures vanquished

Notes
Turn   | Place    | Note
-------+----------+-------------------------------------------
     0 | D:1      | mhoghedin the Demigod Wizard began the quest for the Orb.
     0 | D:1      | Reached XP level 1. HP: 14/14 MP: 6/6
   224 | D:1      | Reached skill level 1 in Fighting
   356 | D:1      | Reached XP level 2. HP: 23/23 MP: 5/8
   590 | D:1      | Reached skill level 2 in Fighting
  1063 | D:1      | Learned a level 2 spell: Blink
  1066 | D:1      | Learned a level 2 spell: Call Imp
  1590 | D:2      | Reached XP level 3. HP: 30/30 MP: 9/9
  1967 | D:2      | Reached skill level 3 in Fighting
  2459 | D:2      | Reached skill level 2 in Stealth
  2763 | D:3      | Reached XP level 4. HP: 22/38 MP: 10/10
  2785 | D:3      | Reached skill level 1 in Short Blades
  2787 | D:3      | HP: 9/38 [poisoned by an adder]
  2791 | D:3      | HP: 3/38 [orc/+0 mace (2)]
  3342 | D:3      | HP: 9/38 [orc wizard/magic dart (5)]
  3352 | D:3      | HP: 7/38 [orc wizard/+0 dagger (3)]
  3354 | D:3      | HP: 3/38 [orc wizard/+0 dagger (4)]
  3356 | D:3      | Killed from afar by an orc wizard

Levels and vault maps discovered:
D:1:      kilobyte_arrival_exit_the_forest, layout_basic
D:2:      layout_basic, chequers_serial_rivers_room_b
D:3:      layout_basic, grunt_gozag_breadcrumbs, minmay_statues_item

Skill      XL: |  1  2  3  4 |
---------------+-------------+-----
Fighting       | 1 2 3 |  3.2
Stealth        | 2 |  2.5
Short Blades   | 1 |  1.5
Dodging        | |  1.7
Spellcasting   | |  2.6
Conjurations   | |  0.8
Summonings     | |  0.8
Translocations | |  0.8

Action                   |  1- 3 |  4- 6 || total
-------------------------+-------+-------++-------
Melee: Dagger            |   109 |    64 ||   173
 Cast: Magic Dart        |    70 |    18 ||    88
       Call Imp          |     6 |     7 ||    13
  Use: Potion            |     1 |     3 ||     4
       Scroll            |     1 |       ||     1
 Stab: Sleeping          |     5 |       ||     5
       Invisible         |     1 |     4 ||     5
  Eat: Chunk             |     5 |     3 ||     8
Armor: Robe              |    52 |    21 ||    73
Dodge: Dodged            |   110 |    63 ||   173

Table legend:
 A = Non-vault XP
 B = Vault XP
 C = Vault XP percentage of total XP
 D = Non-vault monster count
 E = Vault monster count
 F = Vault count percentage of total count
                 A         B        C        D         E       F
            +---------+---------+-------+---------+---------+-------
      Total |     182 |       0 |   0.0 |      67 |       0 |   0.0
            +---------+---------+-------+---------+---------+-------
        D:1 |      46 |       0 |   0.0 |      23 |       0 |   0.0
        D:2 |      68 |       0 |   0.0 |      18 |       0 |   0.0
        D:3 |      68 |       0 |   0.0 |      26 |       0 |   0.0
            +---------+---------+-------+---------+---------+-------

Levels and vault maps discovered:
D:1:      kilobyte_arrival_exit_the_forest, layout_basic
D:2:      layout_basic, chequers_serial_rivers_room_b
D:3:      layout_basic, grunt_gozag_breadcrumbs, minmay_statues_item

Table legend:
 A = Turns spent in this place as a percentage of turns spent in the entire game.
 B = Non-inter-level travel turns spent in this place as a percentage of non-inter-level travel turns spent in the entire game.
 C = Inter-level travel turns spent in this place as a percentage of turns spent in this place.
 D = Turns resting spent in this place as a percentage of non-inter-level travel turns spent in this place.
 E = Turns spent auto-exploring this place as a percentage of non-inter-level travel turns spent in this place.
 F = Non-inter-level travel turns spent in this place divided by the number of levels of this place that you've seen.
                   A       B       C       D       E      F
               +-------+-------+-------+-------+-------+----------------------
         Total | 100.0 | 100.0 |   2.1 |  40.7 |  40.7 | 1095.7
       Dungeon | 100.0 | 100.0 |   2.1 |  40.7 |  40.7 | 1095.7
               +-------+-------+-------+-------+-------+----------------------

Table legend:
 A = Kills in this place as a percentage of kills in entire the game.
 B = Kills by you in this place as a percentage of kills by you in the entire game.
 C = Kills by friends in this place as a percentage of kills by friends in the entire game.
 D = Other kills in this place as a percentage of other kills in the entire game.
 E = Experience gained in this place as a percentage of experience gained in the entire game.
 F = Experience gained in this place divided by the number of levels of this place that you have seen.
                   A       B       C       D       E      F
               +-------+-------+-------+-------+-------+----------------------
         Total | 100.0 | 100.0 | 100.0 |   N/A | 100.0 |  60.7
       Dungeon | 100.0 | 100.0 | 100.0 |   N/A | 100.0 |  60.7
               +-------+-------+-------+-------+-------+----------------------
